AoeStats
← Simon Stokvis

African Clearing

503860352Analyzed
4v4 RM · 1mo ago on Sep 2, 2026· 43m 52s· 8 players
Game mode
Random Map
Map size
Large (8 player)
Population
200
Speed
Normal
Resources
Standard
Victory
Conquest
Starting age
Dark Age
Ending age
Imperial Age
RankedLock teamsTeams togetherTeam positionsShared explorationLock speedFull tech treeHidden civsTurbo modeCheats
Victory
Defeat
🇫🇮 Aztecs · Finland
1669
+10
🇫🇮 Portuguese · Finland
1604
+13
🇫🇮 Britons · Finland
1590
+13
🇫🇮 Burgundians · Finland
1560
+15
🇳🇱 Celts · Netherlands
1553
-14
🇺🇸 Persians · United States
1537
-13
🇩🇪 Bulgarians · Germany
1529
-13
🇲🇽 Teutons · Mexico
1508
-12
Simon Stokvis
13:14 Feudal Age
17:01 Castle Age
17:49 Loom
24:29 Town Watch
25:46 Pikeman
26:47 Gold Mining
26:52 Double-Bit Axe
28:32 Ballistics
29:23 Forging
30:50 Scale Mail Armor
33:35 Chain Mail Armor
33:37 Arson
35:36 Iron Casting
41:43 Imperial Age
41:01 Bow Saw
41:51 Halberdier
SimoniacJewel88
3:45 Loom
4:12 Loom
12:40 Feudal Age
17:34 Castle Age
18:07 Double-Bit Axe
19:01 Wheelbarrow
27:59 Horse Collar
28:30 Bow Saw
34:58 Pikeman
37:24 Hand Cart
38:16 Heavy Plow
39:25 Scale Mail Armor
39:36 Forging
43:04 Imperial Age
41:45 Iron Casting
42:02 Chain Mail Armor
41:46 Gold Mining
41:46 Stone Mining
43:25 Town Watch
43:08 Heavy Scorpion
44:20 Conscription
scoop
12:05 Feudal Age
13:24 Loom
16:04 Castle Age
14:22 Horse Collar
14:28 Double-Bit Axe
21:23 Scale Barding Armor
23:43 Bloodlines
24:08 Town Watch
27:53 Heavy Plow
28:48 Husbandry
29:58 Fletching
30:47 Wheelbarrow
30:53 Bow Saw
35:16 Imperial Age
34:04 Chain Barding Armor
33:48 Gold Mining
35:14 Forging
35:07 Cavalier
36:27 Gold Shaft Mining
36:53 Plate Barding Armor
38:18 Conscription
43:07 Iron Casting
M*rpheu$
7:12 Loom
14:26 Feudal Age
20:02 Castle Age
18:29 Double-Bit Axe
19:07 Horse Collar
20:59 Husbandry
30:12 Scale Barding Armor
30:35 Bow Saw
31:28 Wheelbarrow
32:28 Forging
33:49 Town Watch
36:57 Imperial Age
37:18 Chain Barding Armor
37:35 Iron Casting
40:10 Heavy Plow
Ee-meili
7:08 Loom
12:46 Feudal Age
12:56 Man-at-Arms
13:37 Double-Bit Axe
19:19 Castle Age
18:03 Scale Mail Armor
20:37 Squires
25:40 Horse Collar
27:17 Bow Saw
28:07 Forging
28:37 Pikeman
29:32 Fletching
30:27 Sanctity
30:12 Gold Mining
30:12 Stone Mining
31:13 Fervor
36:04 Imperial Age
34:12 Wheelbarrow
33:43 Heavy Plow
35:38 Chain Mail Armor
37:24 Plate Mail Armor
38:33 Iron Casting
38:23 Conscription
38:13 Elite Jaguar Warrior
39:12 Arson
40:57 Blast Furnace
41:22 Garland Wars
42:00 Hand Cart
41:30 Town Watch
42:44 Stone Mining
43:25 Bodkin Arrow
43:31 Padded Archer Armor
44:11 Gold Shaft Mining
weski
9:01 Loom
13:00 Feudal Age
14:30 Double-Bit Axe
17:23 Castle Age
19:41 Scale Barding Armor
19:46 Forging
22:45 Town Watch
23:42 Wheelbarrow
24:09 Horse Collar
26:02 Heavy Plow
28:49 Bow Saw
31:14 Fletching
33:59 Imperial Age
32:38 Ballistics
32:16 Murder Holes
32:15 Gold Mining
32:41 Stone Mining
33:30 Bodkin Arrow
33:36 Padded Archer Armor
35:11 Conscription
34:57 Bracer
35:13 Leather Archer Armor
36:02 Chemistry
35:14 Capped Ram
36:39 Hand Cart
37:44 Ring Archer Armor
37:57 Elite Longbowman
40:31 Gold Shaft Mining
41:06 Masonry
43:27 Two-Man Saw
Vaku
7:49 Loom
11:46 Feudal Age
13:01 Double-Bit Axe
20:39 Castle Age
22:21 Bow Saw
23:58 Gold Mining
26:30 Horse Collar
30:05 Heavy Plow
32:10 Two-Man Saw
32:25 Cavalier
35:23 Husbandry
35:48 Stone Mining
36:34 Gold Shaft Mining
36:59 Crop Rotation
38:06 Wheelbarrow
38:21 Scale Barding Armor
38:26 Forging
39:58 Chain Barding Armor
41:11 Iron Casting
41:29 Stone Shaft Mining
41:14 Padded Archer Armor
44:10 Imperial Age
42:25 Hand Cart
42:44 Leather Archer Armor
Pyrrhos
11:28 Feudal Age
12:36 Double-Bit Axe
13:54 Loom
16:16 Forging
18:17 Bloodlines
22:21 Castle Age
21:31 Scale Barding Armor
21:25 Horse Collar
22:23 Light Cavalry
23:25 Chain Barding Armor
23:19 Bow Saw
23:54 Husbandry
23:56 Town Watch
26:56 Wheelbarrow
27:26 Gold Mining
28:19 Hand Cart
30:25 Heavy Plow
31:19 Iron Casting
31:14 Stone Mining
41:25 Imperial Age
39:27 Fletching
41:30 Bodkin Arrow
44:04 Plate Barding Armor
42:50 Cavalier
Connection lost

Rejoining the realm…

Still unreachable

The connection could not be restored.

Session expired

The server has moved on; the page needs a fresh start.